 Dungeon Crawl Stone Soup version 0.18.1-6-gd335043 (webtiles) character file.

7607 NoLuckNoSkill the Thaumaturge (level 10, -9/50 HPs)
             Began as a Deep Elf Conjurer on May 15, 2016.
             Was a Believer of Vehumet.
             Killed by an exploding fulminant prism (19 damage)
             ... created by the player character
             ... in a bailey.
             The game lasted 00:29:13 (9440 turns).

NoLuckNoSkill the Thaumaturge (Deep Elf Conjurer)   Turns: 9440, Time: 00:29:14

Health: -9/50      AC:  5    Str:  7    XL:     10   Next: 98%
Magic:  20/44      EV: 18    Int: 24    God:    Vehumet [**....]
Gold:   528        SH:  3    Dex: 17    Spells: 6 memorised, 16 levels left

rFire  . . .     SeeInvis .     m - staff of power
rCold  + . .     Gourm    .     a - +0 robe
rNeg   + . .     Faith    .     (no shield)
rPois  +         Spirit   .     h - +0 helmet
rElec  .         Dismiss  .     x - +0 cloak
rCorr  .         Reflect  +     e - +0 pair of gloves "Ekhosch" {+Inv rPois rC+ Dex+2}
SustAt .         Harm     .     (no boots)
MR     ++...                    C - +3 amulet of reflection
Stlth  ++........               p - ring of poison resistance
                                n - ring of positive energy

@: very resistant to hostile enchantments, unstealthy
A: magic resistance 1, poison resistance, screaming 1, strong 1
a: Renounce Religion, Evoke Invisibility


You were in a bailey.
You worshipped Vehumet.
Vehumet was pleased with you.
You were not hungry.

You visited 2 branches of the dungeon, and saw 11 of its levels.
You also visited: Bailey.

You collected 528 gold pieces.

Inventory:

Hand Weapons
 r - a +3 mace of holy wrath
 w - a +1 dagger of pain
Armour
 a - a +0 robe (worn)
 e - the +0 pair of gloves "Ekhosch" (worn) {+Inv rPois rC+ Dex+2}
   (You found it on level 8 of the Dungeon)

   It affects your dexterity (+2).
   It protects you from cold.
   It protects you from poison.
   It lets you turn invisible.
 h - a +0 helmet (worn)
 q - the +2 ring mail of Ygaept {rF- rC++ rN+}
   (You found it on level 7 of the Dungeon)

   It makes you vulnerable to fire.
   It greatly protects you from cold.
   It protects you from negative energy.
 x - a +0 cloak (worn)
Magical Staves
 m - an uncursed staff of power (weapon)
 D - a cursed staff of wizardry {unknown}
Jewellery
 n - a ring of positive energy (left hand)
 p - a ring of poison resistance (right hand)
 C - a +3 amulet of reflection (around neck)
Wands
 o - a wand of slowing (23/48)
 v - a wand of lightning (7/15)
 z - a wand of digging (15/24)
Scrolls
 d - 5 scrolls of teleportation
 g - 5 scrolls of identify
 i - a scroll of remove curse
 k - a scroll of enchant weapon
 u - a scroll of enchant armour {unknown}
 y - a scroll of vulnerability {unknown}
 A - a scroll of fear {unknown}
 B - a scroll of immolation
Potions
 l - 2 potions of magic
 s - a potion of haste
 E - a potion of might
 F - a potion of invisibility
Books
 b - a book of Conjurations

   Spells                             Type                      Level
   a - Magic Dart                     Conjuration                  1
   b - Searing Ray                    Conjuration                  2
   c - Dazzling Spray                 Conjuration/Hexes            3
   d - Fulminant Prism                Conjuration/Hexes            4
   e - Iskenderun's Mystic Blast      Conjuration                  4
   f - Iskenderun's Battlesphere      Conjuration/Charms           5
Comestibles
 c - 11 bread rations
 f - 13 chunks of flesh
 j - 7 beef jerkies
 t - 3 meat rations


   Skills:
 + Level 8.8 Dodging
 + Level 6.0 Stealth
 + Level 13.0 Spellcasting
 + Level 11.5 Conjurations
 + Level 6.3 Charms


You had 16 spell levels left.
You knew the following spells:

 Your Spells              Type           Power        Failure   Level  Hunger
a - Magic Dart            Conj           ####         1%          1    None
b - Searing Ray           Conj           ######       1%          2    None
c - Dazzling Spray        Conj/Hex       #####...     1%          3    None
d - Iskenderun's Mystic   Conj           ######..     1%          4    None
e - Fulminant Prism       Conj/Hex       #####.....   3%          4    None
f - Iskenderun's Battles  Conj/Chrm      ######..     2%          5    ###....


Dungeon Overview and Level Annotations

Branches:
Dungeon (10/15)            Temple (1/1) D:4
   Lair: D:8-11         Orc: D:9-12

Altars:
Ashenzari
Cheibriados
Dithmenos
Elyvilon
Fedhas
Gozag
Kikubaaqudgha
Makhleb
Nemelex Xobeh
Okawaru
Pakellas
Qazlal
Ru
Sif Muna
Trog
Vehumet
Xom
Yredelemnul
Zin
The Shining One


Innate Abilities, Weirdness & Mutations

You are resistant to hostile enchantments.
Your system is resistant to poisons.
You occasionally shout uncontrollably at your foes.
Your muscles are strong. (Str +2)


Message History

Confirm with . or Enter, or press ? or * to list all spells.
You conjure a globe of magical energy.
You swap places.
Something hits your battlesphere!
Things that are here:
a trident; a plate armour
Casting: Iskenderun's Battlesphere
Confirm with . or Enter, or press ? or * to list all spells.
Aiming: Fulminant Prism
Press: ? - help, Dir - move target cursor, p - orc warrior You conjure a prism of explosive energy!
The orc knight hits your battlesphere with a halberd!
Your battlesphere is destroyed!
Your fulminant prism crackles loudly.
There are monsters nearby!
Your fulminant prism explodes!
The blast of energy engulfs the orc knight.
The orc knight is moderately wounded.
The blast of energy engulfs you!
You die...

... ≈≈≈ #≈≈ ##≈ .)≈
#.##≈ ≈#.#≈≈
######### ≈≈≈≈≈≈
##≈@≈≈≈≈≈## ≈≈≈≈≈≈
##≈)#'#'#≈≈## ≈≈≈≈≈≈≈
#≈o##)#)##≈≈# ≈≈≈≈≈≈≈
#o#########≈##≈≈≈≈≈≈≈
#o'.# #)*≈##≈≈≈≈≈≈≈
#≈### ###≈##≈≈≈≈≈≈≈
#≈'(# #.'≈##≈≈≈≈≈≈≈
#)### ###)##≈≈≈≈≈≈≈
#≈≈ #≈≈##≈≈≈≈≈≈(


You could see an orc knight and 2 orc warriors.

Vanquished Creatures
  Pikel (D:4)
  A manticore (D:9)
  The ghost of dadoka the Grappler, a novice VSMo of Makhleb (D:7)
  Grinder (D:3)
  A troll (D:9)
  Prince Ribbit (D:5)
  A wyvern (D:10)
  A hippogriff (D:9)
  A water moccasin (D:8)
  11 orc warriors
  3 sky beasts
  3 slaves (D:4)
  3 phantoms
  A black bear (D:8)
  5 ogres
  5 ice beasts
  A necrophage (D:10)
  3 centaurs
  5 giant frogs
  A scorpion (D:8)
  15 wights
  A howler monkey (D:6)
  6 crimson imps
  A jelly (D:6)
  A giant frog zombie (D:10)
  7 hounds
  Crazy Yiuf (D:3)
  6 orc priests
  2 iguanas
  Ijyb (D:3)
  Terence (D:2)
  9 orc wizards
  11 worker ants
  A hound skeleton (D:6)
  3 gnolls (D:3)
  A howler monkey skeleton (D:7)
  11 adders
  4 shadow imps
  An ooze (D:3)
  An adder skeleton (D:6)
  4 worms
  3 dart slugs
  5 giant geckos
  35 orcs
  3 ball pythons
  6 giant cockroaches
  12 goblins
  10 hobgoblins
  A jackal (D:1)
  5 kobolds
  4 quokkas
  7 bats
  A giant cockroach zombie (D:4)
  10 giant newts
  A jackal zombie (D:5)
  4 rats
245 creatures vanquished.

Vanquished Creatures (others)
  2 goblins (D:4)
  A quokka (D:4)
  7 fulminant prisms
10 creatures vanquished.

Grand Total: 255 creatures vanquished

Notes
Turn   | Place    | Note
--------------------------------------------------------------
     0 | D:1      | NoLuckNoSkill the Deep Elf Conjurer began the quest for the Orb.
     0 | D:1      | Reached XP level 1. HP: 10/10 MP: 6/6
   201 | D:1      | Reached XP level 2. HP: 15/15 MP: 6/8
   231 | D:1      | Learned a level 2 spell: Searing Ray
   248 | D:1      | Found a shattered altar of Ashenzari.
   386 | D:1      | Reached skill level 4 in Spellcasting
   883 | D:2      | Reached XP level 3. HP: 17/19 MP: 5/10
  1190 | D:2      | Found an opulent altar of Gozag.
  1229 | D:2      | Reached skill level 5 in Spellcasting
  1233 | D:2      | Reached skill level 5 in Conjurations
  1237 | D:2      | Noticed Terence
  1252 | D:2      | Killed Terence
  1252 | D:2      | Reached XP level 4. HP: 15/24 MP: 9/13
  1260 | D:2      | Learned a level 3 spell: Dazzling Spray
  1265 | D:2      | Learned a level 4 spell: Iskenderun's Mystic Blast
  1686 | D:3      | Noticed Grinder
  1742 | D:3      | Killed Grinder
  1742 | D:3      | Reached skill level 7 in Spellcasting
  1742 | D:3      | Reached XP level 5. HP: 8/28 MP: 16/16
  1742 | D:3      | Reached XP level 6. HP: 9/32 MP: 18/18
  2115 | D:3      | Noticed Ijyb
  2121 | D:3      | Killed Ijyb
  2151 | D:3      | Learned a level 4 spell: Fulminant Prism
  2157 | D:3      | Learned a level 5 spell: Iskenderun's Battlesphere
  2161 | D:3      | Found an ancient bone altar of Kikubaaqudgha.
  2492 | D:3      | Noticed Crazy Yiuf
  2499 | D:3      | Killed Crazy Yiuf
  2686 | D:4      | Reached XP level 7. HP: 15/36 MP: 20/20
  2951 | D:4      | Noticed Pikel
  2970 | D:4      | Killed Pikel
  2970 | D:4      | Reached skill level 9 in Spellcasting
  2970 | D:4      | Reached XP level 8. HP: 19/41 MP: 8/23
  2979 | D:4      | Gained mutation: Your system is resistant to poisons. [potion of mutation]
  2979 | D:4      | Gained mutation: You are clumsy. (Dex -2) [potion of mutation]
  2979 | D:4      | Gained mutation: Your muscles are strong. (Str +2) [potion of mutation]
  3505 | D:4      | Found a staircase to the Ecumenical Temple.
  3586 | Temple   | Entered the Ecumenical Temple
  4226 | D:5      | Entered Level 5 of the Dungeon
  4450 | D:5      | Noticed Prince Ribbit
  4464 | D:5      | Killed Prince Ribbit
  4662 | D:5      | Reached skill level 5 in Dodging
  4898 | D:6      | Reached skill level 10 in Spellcasting
  5177 | D:6      | Reached XP level 9. HP: 45/45 MP: 21/25
  5186 | D:6      | Lost mutation: You are clumsy. (Dex -2) [mutagenic meat]
  5187 | D:6      | Gained mutation: You are resistant to hostile enchantments. [mutagenic meat]
  5893 | D:6      | Reached skill level 11 in Spellcasting
  6116 | D:6      | Found a burning altar of Makhleb.
  6116 | D:6      | Found a stormy altar of Qazlal.
  6122 | D:6      | Found a radiant altar of Vehumet.
  6130 | D:6      | Became a worshipper of Vehumet
  6224 | D:7      | Noticed dadoka's ghost (novice VSMo)
  6228 | D:7      | Killed dadoka's ghost
  6228 | D:7      | Reached skill level 10 in Conjurations
  6646 | D:7      | Gained mutation: You are robust (+10% HP). [mutagenic meat]
  6647 | D:7      | Gained mutation: You occasionally shout uncontrollably at your foes. [mutagenic meat]
  6649 | D:7      | Lost mutation: You are robust (+10% HP). [mutagenic meat]
  6745 | D:7      | Reached skill level 12 in Spellcasting
  6972 | D:7      | Reached skill level 1 in Charms
  7110 | D:7      | Reached * piety under Vehumet
  7110 | D:7      | Offered knowledge of Sting by Vehumet.
  7127 | D:7      | Got a polished ring mail
  7128 | D:7      | Identified the +2 ring mail of Ygaept {rF- rC++ rN+} (You found it on level 7 of the Dungeon)
  7288 | D:7      | Reached XP level 10. HP: 50/50 MP: 28/28
  7384 | D:8      | Got a pair of translucent gloves
  7392 | D:8      | Identified the +0 pair of gloves "Ekhosch" {+Inv rPois rC+ Dex+2} (You found it on level 8 of the Dungeon)
  7870 | D:8      | Found a glowing silver altar of Zin.
  8363 | D:9      | Offered knowledge of Sandblast by Vehumet.
  8444 | D:9      | Noticed a manticore
  8447 | D:9      | Killed a manticore
  8487 | D:9      | Reached ** piety under Vehumet
  8602 | D:9      | Reached skill level 5 in Stealth
  8612 | D:9      | Reached skill level 5 in Charms
  9090 | D:10     | Entered Level 10 of the Dungeon
  9149 | D:10     | Found a flagged portal.
  9177 | Bailey   | Entered a bailey
  9331 | Bailey   | Offered knowledge of Mephitic Cloud by Vehumet.
  9331 | Bailey   | Reached skill level 13 in Spellcasting
  9431 | Bailey   | Noticed an orc knight
  9440 | Bailey   | Killed by an exploding fulminant prism

Skill      XL: |  1  2  3  4  5  6  7  8  9 10 |
---------------+-------------------------------+-----
Spellcasting   | 4 5 7 9 10 12 13 | 13.0
Conjurations   | 5 6 7 9 10 11 | 11.5
Dodging        | 4 5 7 8 |  8.8
Stealth        | 3 6 |  6.0
Charms         | 2 6 |  6.3

Action                   |  1- 3 |  4- 6 |  7- 9 | 10-12 || total
-------------------------+-------+-------+-------+-------++-------
Melee: Staff             |       |     1 |     4 |       ||     5
 Cast: Magic Dart        |    78 |    53 |   109 |    78 ||   318
       Searing Ray       |     4 |    18 |    37 |    12 ||    71
       Iskenderun's Myst |       |       |    49 |    62 ||   111
       Fulminant Prism   |       |       |     7 |     1 ||     8
       Dazzling Spray    |       |       |     3 |       ||     3
       Iskenderun's Batt |       |       |     2 |    23 ||    25
  Use: Potion            |       |       |    10 |     3 ||    13
       Scroll            |       |       |    10 |     1 ||    11
  Eat: Chunk             |     1 |     4 |    20 |     8 ||    33
       Beef jerky        |       |       |     1 |       ||     1
       Fruit             |       |       |     1 |       ||     1
       Pizza             |       |       |       |     1 ||     1
Armor: Robe              |     1 |     2 |    15 |     2 ||    20
Dodge: Dodged            |     9 |    22 |    49 |    30 ||   110
Block: Other             |       |       |       |     1 ||     1
